 Dungeon Crawl Stone Soup version 0.19-a0-1714-gcab94ab (webtiles) character file.

317 hairmachine the Cudgeler (level 6, -2/37 HPs)
             Began as a Tengu Berserker on Sept 28, 2016.
             Was a Believer of Trog.
             Slain by a bullfrog (6 damage)
             ... on level 3 of the Dungeon.
             The game lasted 00:08:40 (4460 turns).

hairmachine the Cudgeler (Tengu Berserker)          Turns: 4460, Time: 00:08:40

Health: -2/37      AC:  5    Str: 18    XL:     6   Next: 45%
Magic:  7/7        EV: 15    Int:  8    God:    Trog [**....]
Gold:   251        SH:  0    Dex: 18    Spells: 0 memorised, 5 levels left

rFire  . . .     SeeInvis .     r - +0 blowgun
rCold  . . .     Gourm    .     g - +1 leather armour {rPois}
rNeg   . . .     Faith    .     (no shield)
rPois  +         Spirit   .     (helmet restricted)
rElec  .         Dismiss  .     (no cloak)
rCorr  .         Reflect  .     (no gloves)
MR     +....     Harm     .     (boots unavailable)
Stlth  +.........               (no amulet)
                                q - +4 ring of dexterity
                                y - ring of protection from magic

@: flying quickly and evasively, quick
A: beak, talons 3, able to fly 1
a: Berserk, Trog's Hand, Burn Spellbooks, Renounce Religion


You were on level 3 of the Dungeon.
You worshipped Trog.
Trog was pleased with you.
You were very hungry.

You visited 1 branch of the dungeon, and saw 4 of its levels.

You collected 251 gold pieces.

Inventory:

Hand Weapons
 a - a +0 mace
 r - a +0 blowgun (weapon)
Missiles
 f - 90 stones
 l - 7 tomahawks
 s - 6 poisoned needles (quivered)
Armour
 b - a +0 animal skin
 g - a +1 leather armour of poison resistance (worn)
Jewellery
 h - a +2 ring of intelligence
 q - a +4 ring of dexterity (right hand)
 y - a ring of protection from magic (left hand)
Scrolls
 i - 2 scrolls of teleportation {unknown}
 j - a scroll of immolation {unknown}
 n - a scroll of identify
Potions
 e - 2 potions of curing {unknown}
 k - 2 potions of beneficial mutation {unknown}
 m - a potion of resistance
 o - a potion of degeneration {unknown}
 p - a potion of cure mutation {unknown}
 t - a potion of invisibility {unknown}
 u - a potion of haste {unknown}
 z - a potion of agility {unknown}
 A - a potion of cancellation {unknown}
Comestibles
 c - 3 bread rations
 d - 3 meat rations
 w - a royal jelly
 x - a beef jerky


   Skills:
 - Level 3.0 Fighting
 + Level 7.7 Maces & Flails
 - Level 2.1 Armour
 - Level 2.1 Dodging


You had 5 spell levels left.
You didn't know any spells.

Dungeon Overview and Level Annotations

Branches:
Dungeon (4/15)
 Temple: D:4-7

Altars:

Annotations:
D:3 1 runed door


Innate Abilities, Weirdness & Mutations

You have a beak for a mouth.
You have claws for feet.
You can fly.


Message History

The frilled lizard hisses angrily.
The bullfrog hits you.
* * * LOW HITPOINT WARNING * * *
The frilled lizard barely misses you.
The bullfrog snags a nearby blue-tailed skink with its tongue and gulps it down.
The bullfrog closely misses you.
You see here a club.
The bullfrog barely misses you.
There is a stone staircase leading up, spattered with blood here.
The bullfrog closely misses you.
You fly upwards.
Level annotation: 1 runed door
There is a stone staircase leading down here.
The bullfrog hits you but does no damage.
Things that are here:
a leather armour; a mace The bullfrog misses you.
You're too hungry to go berserk.
The bullfrog hits you.
You die...

##..####.#########
##..####....<.)>.#
##...........###[#
##.####.###.# #.#
#.# #.....# #.#
#.########.# #.#
#......# #.# #.#
######.###.# #F#
#.#.#.###@#
#..#......# #
##.###.##### #
##.## ##.#### #
#.## ##...# #
#..## ##....# #
#.#.###)##..# #
####.##.#..##..# #
#.....##.#.##..#


You could see a bullfrog.

Vanquished Creatures
  Blork the orc (D:4)
  A scorpion (D:4)
  A hound (D:4)
  An iguana (D:4)
  7 adders
  2 worms
  3 dart slugs
  4 leopard geckos
  3 orcs
  3 bats
  2 giant cockroaches (D:1)
  7 goblins
  9 hobgoblins
  A quokka (D:4)
  5 frilled lizards
  11 kobolds
  A leopard gecko skeleton (D:4)
  6 rats
68 creatures vanquished.

Notes
Turn   | Place    | Note
-------+----------+-------------------------------------------
     0 | D:1      | hairmachine the Tengu Berserker began the quest for the Orb.
     0 | D:1      | Reached XP level 1. HP: 14/14 MP: 2/2
   217 | D:1      | Reached XP level 2. HP: 17/19 MP: 3/3
   220 | D:1      | Reached skill level 4 in Maces & Flails
  1076 | D:1      | Reached XP level 3. HP: 23/23 MP: 4/4
  1574 | D:2      | Reached skill level 5 in Maces & Flails
  1606 | D:2      | Reached XP level 4. HP: 26/28 MP: 5/5
  2578 | D:3      | Reached ** piety under Trog
  2942 | D:3      | Found a runed door.
  3008 | D:3      | Reached skill level 6 in Maces & Flails
  3285 | D:3      | Gained mutation: You can fly. [Tengu growth]
  3285 | D:3      | Reached XP level 5. HP: 32/32 MP: 6/6
  3714 | D:4      | Noticed Blork the orc
  3722 | D:4      | Killed Blork the orc
  3722 | D:4      | Reached skill level 7 in Maces & Flails
  3722 | D:4      | Reached XP level 6. HP: 37/37 MP: 7/7
  4460 | D:3      | Slain by a bullfrog

Vault maps used:
D:1:      enne_arrival_octagon_isle, kennysheep_boxes
D:2:      kennysheep_nub
D:3:      patterned_corridor, uniq_crazy_yiuf_cottage
D:4:      first_bread, uniq_blork_the_orc

Skill      XL: |  1  2  3  4  5 |
---------------+----------------+-----
Maces & Flails | 4 5 6 7 |  7.7
Fighting       | |  3.0
Armour         | |  2.1
Dodging        | |  2.1

Action                   |  1- 3 |  4- 6 || total
-------------------------+-------+-------++-------
Melee: Mace              |    69 |   108 ||   177
       Peck              |     9 |    18 ||    27
       Kick              |    16 |    30 ||    46
 Fire: Blowgun           |       |    19 ||    19
Throw: Stone             |     3 |       ||     3
       Tomahawk          |     1 |    11 ||    12
Invok: Berserk           |     2 |     1 ||     3
 Abil: Fly               |       |     2 ||     2
  Use: Scroll            |     2 |       ||     2
 Stab: Sleeping          |       |     1 ||     1
  Eat: Chunk             |     4 |     9 ||    13
Armor: Animal skin       |    15 |       ||    15
       Leather armour    |     4 |    29 ||    33
Dodge: Dodged            |    54 |    74 ||   128
